 Dungeon Crawl Stone Soup version 0.30-a0-187-gd9c2deaf24 (webtiles) character file.

Game seed: 17542742380253867143

15825 LnG the Covert (level 12, -3/70 HPs)
             Began as a Kobold Summoner on Oct 3, 2022.
             Was a Priest of Dithmenos.
             Slain by a komodo dragon (28 damage)
             ... on level 11 of the Dungeon.
             The game lasted 00:33:08 (14981 turns).

LnG the Covert (Kobold Summoner)                   Turns: 14981, Time: 00:33:08

Health: -3/70      AC: 12    Str:  6    XL:     12   Next: 62%
Magic:  20/24      EV: 20    Int: 20    God:    Dithmenos [***...]
Gold:   52         SH:  0    Dex: 16    Spells: 15/28 levels left

rFire   + . .      SeeInvis .    v - +4 short sword
rCold   + . .      Faith    .    (no shield)
rNeg    . . .      Spirit   .    R - +2 robe {rC+ rF+}
rPois   .          Reflect  .    O - +0 helmet
rElec   .          Harm     .    q - +0 cloak
rCorr   +          Rampage  .    k - +3 pair of gloves "Launwo" {Will+}
Will    ++...                    G - +1 pair of boots
Stlth   +++++++++.               (no amulet)
HPRegen 0.31/turn                c - ring of resist corrosion
MPRegen 0.19/turn                o - ring of willpower

@: wreathed by umbra
A: small, no large weapons, nightstalker 3
a: Renounce Religion, Shadow Step


You were on level 11 of the Dungeon.
You worshipped Dithmenos.
Dithmenos was most pleased with you.
You visited 2 branches of the dungeon, and saw 13 of its levels.

You collected 747 gold pieces.
You spent 695 gold pieces at shops.

Inventory:

Hand Weapons
 i - a +1 dagger of venom
 s - a +2 short sword of protection
 v - a +4 short sword (weapon)
 L - a +4 dagger
Missiles
 F - 2 throwing nets
Armour
 k - the +3 pair of gloves "Launwo" (worn) {Will+}
   (You found it on level 2 of the Dungeon)

   Will:      It increases your willpower.
 q - a +0 cloak (worn)
 G - a +1 pair of boots (worn)
 O - a +0 helmet (worn)
 R - a +2 robe of resistance (worn)
Jewellery
 c - a ring of resist corrosion (left hand)
 o - a ring of willpower (right hand)
 C - a ring of willpower
 M - a ring of poison resistance
Wands
 H - a wand of iceblast (22)
 J - a wand of digging (6)
 K - a wand of flame (60)
 N - a wand of paralysis (7)
 P - a wand of mindburst (7)
Scrolls
 d - a scroll of blinking
 e - a scroll of vulnerability
 f - 2 scrolls of silence
 g - 2 scrolls of amnesia
 m - 3 scrolls of teleportation
 n - a scroll of fear
 r - a scroll of enchant weapon {unknown}
 u - 2 scrolls of magic mapping {unknown}
 y - 2 scrolls of fog {unknown}
 A - a scroll of torment {unknown}
 B - a scroll of acquirement {unknown}
 D - 2 scrolls of poison
 Q - 3 scrolls of noise {unknown}
Potions
 a - a potion of heal wounds {unknown}
 b - a potion of magic
 h - 2 potions of invisibility
 j - a potion of mutation {unknown}
 l - 3 potions of lignification
 p - 2 potions of cancellation {unknown}
 t - 4 potions of degeneration {unknown}
 w - 2 potions of curing {unknown}
 x - 3 potions of flight {unknown}
 z - 2 potions of haste {unknown}
 E - a potion of attraction {unknown}
 I - a potion of brilliance {unknown}


   Skills:
 + Level 6.2 Fighting
 + Level 9.9 Short Blades
 + Level 9.3 Dodging
 + Level 13.7 Stealth
 + Level 8.8 Spellcasting
 + Level 0.7 Hexes
 + Level 9.4 Summonings
 + Level 2.6 Air Magic
 + Level 1.2 Evocations


You had 15 spell levels left.
You knew the following spells:

 Your Spells              Type           Power      Damage    Failure   Level
a - Summon Small Mammal   Summ           100%       N/A       1%          1
b - Call Imp              Summ           46%        N/A       1%          2
c - Call Canine Familiar  Summ           46%        N/A       1%          3
d - Summon Guardian Gole  Hex/Summ       29%        N/A       3%          3
e - Summon Lightning Spi  Summ/Air       33%        N/A       6%          4

Your spell library contained the following spells:

 Spells                   Type           Power      Damage    Failure   Level
 Foxfire                  Conj/Fire      32%        2x1d5     8%          1
 Magic Dart               Conj           32%        1d4       8%          1
 Searing Ray              Conj           16%        2d5       12%         2
 Sublimation of Blood     Necr           8%         N/A       12%         2
 Wereblood                Tmut           8%         N/A       12%         2
 Gell's Gravitas          Tloc           8%         N/A       24%         3
 Ignite Poison            Fire/Tmut/Pois 8%         N/A       24%         3
 Teleport Other           Tloc           8%         N/A       24%         3
 Fulminant Prism          Conj/Hex       5%         3d7       54%         4
 Animate Dead             Necr           8%         N/A       61%         4
 Sticky Flame             Conj/Fire      8%         2d3       61%         4
 Arcjolt                  Conj/Air       7%         1d17      77%         5
 Summon Hydra             Summ           23%        N/A       80%         7
 Borgnjor's Vile Clutch   Necr/Erth      4%         N/A       91%         5
 Fireball                 Conj/Fire      4%         3d4       91%         5
 Iskenderun's Battlesphe  Conj           8%         2d6       91%         5
 Death Channel            Necr           4%         N/A       100%        6
 Dispersal                Tloc           4%         N/A       100%        6
 Iron Shot                Conj/Erth      4%         9d2       100%        6
 Starburst                Conj/Fire      4%         6d3       100%        6
 Spellforged Servitor     Conj/Summ      13%        N/A       100%        7
 Ignition                 Fire           4%         3d4       100%        8


Dungeon Overview and Level Annotations

Branches:
Dungeon (12/15)            Temple (1/1) D:7            Lair (0/5) D:8
    Orc: D:9-12

Altars:
Ashenzari
Cheibriados
Dithmenos
Elyvilon
Fedhas
Gozag
Hepliaklqana
Kikubaaqudgha
Makhleb
Nemelex Xobeh
Okawaru
Qazlal
Ru
Sif Muna
Trog
Uskayaw
Vehumet
Wu Jian
Xom
Yredelemnul
Zin
The Shining One

Shops:
D:3 *[?[   D:7 [


Innate Abilities, Weirdness & Mutations

You are small and have problems with some larger weapons.
You are completely attuned to the shadows.


Message History

The komodo dragon is lightly wounded.
You hit the komodo dragon but do no damage.
The komodo dragon is lightly wounded.
The komodo dragon barely misses you.
You hit the komodo dragon.
The komodo dragon is moderately wounded.
Casting: Call Canine Familiar (safe; 1% risk of failure)
Confirm with . or Enter, or press ? or * to list all spells.
The komodo dragon barely misses you.
You barely miss the komodo dragon.
The komodo dragon is moderately wounded.
The komodo dragon bites you!
You hit the komodo dragon but do no damage.
The komodo dragon is moderately wounded.
Your wolf bites the komodo dragon.
You hit the komodo dragon but do no damage.
The komodo dragon is moderately wounded.
Your wolf closely misses the komodo dragon.
The komodo dragon hisses menacingly.
The komodo dragon bites you!!
You barely miss the komodo dragon.
The komodo dragon is moderately wounded.
Your wolf bites the komodo dragon but does no damage.
You barely miss the komodo dragon.
The komodo dragon is moderately wounded.
Your wolf closely misses the komodo dragon.
The komodo dragon bites you!
You hit the komodo dragon.
The komodo dragon is heavily wounded.
Your wolf bites the komodo dragon.
Casting: Call Canine Familiar (safe; 1% risk of failure)
Confirm with . or Enter, or press ? or * to list all spells.
A beastly little devil appears in a puff of frigid air.
Your wolf barely misses the komodo dragon.
The komodo dragon bites you but does no damage.
Your wolf closely misses the komodo dragon.
You hit the komodo dragon.
The komodo dragon is heavily wounded.
The komodo dragon bites you!!
You die...

............#....#
###
..........####..##
########### #..# #
#..# #..# #..# #.5##
#...# #hl@#####
#.......# ######### #
### ..## ...###
#######
##...#####.....######


You could see a komodo dragon (ally target), a friendly wolf (summoned) and a
friendly white imp (summoned).

Vanquished Creatures
  A rakshasa (D:12)
  A boulder beetle (D:8)
  A centaur warrior (D:8)
  A two-headed ogre (D:11)
  Pikel (D:7)
  A deep elf pyromancer (D:12)
  A manticore (D:9)
  3 kobold demonologists
  A troll (D:9)
  2 shadows
  4 yaks
  3 wyverns
  Grum (D:8)
  A steam dragon (D:9)
  An acid dragon (D:9)
  2 nameless horrors (D:8)
  2 water moccasins
  2 ice beasts (D:7)
  3 orc warriors
  2 black bears
  An ogre (D:5)
  2 wolves (D:8)
  3 centaurs
  2 lemures (D:7)
  A phantom (D:5)
  2 kobold brigands
  6 bullfrogs
  A necrophage (D:6)
  5 scorpions
  3 wights (D:8)
  7 killer bees
  4 howler monkeys
  2 electric eels (D:10)
  A gnoll bouda (D:7)
  5 hounds
  7 orc priests
  3 jellies
  Ijyb (D:3)
  9 orc wizards
  A mummy (D:5)
  6 gnolls (D:7)
  5 adders
  2 worms (D:4)
  3 dart slugs
  20 orcs
  4 ball pythons
  6 endoplasms
  5 giant cockroaches
  2 goblins
  7 hobgoblins
  10 jackals
  3 quokkas
  5 bats
  A frilled lizard (D:1)
  18 kobolds
  3 rats
  A butterfly (D:7)
201 creatures vanquished.

Vanquished Creatures (collateral kills)
  3 two-headed ogres
  A boulder beetle (D:11)
  An ugly thing (D:11)
  An elephant (D:8)
  A kobold demonologist (D:10)
  3 yaks
  A wraith (D:10)
  A steam dragon (D:7)
  2 acid dragons
  An orc warrior (D:9)
  2 black bears
  An ogre (D:5)
  2 wolves
  A centaur (D:9)
  A phantom (D:5)
  A kobold brigand (D:10)
  3 wights (D:8)
  A killer bee (D:10)
  A jelly (D:4)
  An orc priest (D:10)
  2 orc wizards
  2 gnolls (D:7)
  14 orcs
  A goblin (D:4)
  3 kobolds
51 creatures vanquished.

Vanquished Creatures (others)
  A gargoyle (D:6)
  A lemure (D:7)
  A bush (D:6)
  5 fungi
8 creatures vanquished.

Grand Total: 260 creatures vanquished

Notes
Turn   | Place    | Note
-------+----------+-------------------------------------------
     0 | D:1      | LnG the Kobold Summoner began the quest for the Orb.
     0 | D:1      | Reached XP level 1. HP: 10/10 MP: 3/3
   293 | D:1      | Reached XP level 2. HP: 15/15 MP: 5/5
   296 | D:1      | Learned a level 2 spell: Call Imp
   756 | D:1      | Reached skill level 3 in Stealth
   988 | D:1      | Reached XP level 3. HP: 19/19 MP: 6/6
   992 | D:1      | Learned a level 3 spell: Call Canine Familiar
  1395 | D:2      | Identified the +3 pair of gloves "Launwo" {Will+}
  1520 | D:2      | Reached skill level 4 in Stealth
  1637 | D:2      | Found a blossoming altar of Fedhas.
  1712 | D:2      | Reached XP level 4. HP: 12/24 MP: 4/7
  2034 | D:3      | Found Heseag's Armour Emporium.
  2040 | D:3      | Bought a +0 cloak for 58 gold pieces
  2071 | D:3      | Found Sujimoig's Assorted Antiques.
  2074 | D:3      | Bought a scroll labelled DUNTEA FAEX for 25 gold pieces
  2302 | D:3      | Found a hide-covered altar of Uskayaw.
  2537 | D:3      | Found Pitoymih's Armour Shop.
  2593 | D:3      | Found Atyrausch's Magic Scroll Shop.
  2598 | D:3      | Bought a scroll of identify for 22 gold pieces
  2638 | D:3      | Noticed Ijyb
  2731 | D:3      | Killed Ijyb
  2732 | D:3      | Reached skill level 1 in Fighting
  2732 | D:3      | Reached skill level 1 in Short Blades
  2732 | D:3      | Reached XP level 5. HP: 18/29 MP: 3/8
  2972 | D:3      | Noticed a shadow demon
  2976 | D:3      | Found a faded altar of an unknown god.
  3148 | D:4      | Noticed a black bear
  3157 | D:4      | Killed a black bear
  3158 | D:4      | Reached skill level 5 in Stealth
  3158 | D:4      | Reached XP level 6. HP: 32/34 MP: 3/10
  3162 | D:4      | Learned a level 3 spell: Summon Guardian Golem
  3237 | D:4      | Found an iron altar of Okawaru.
  3910 | D:4      | Noticed a black bear
  3925 | D:4      | Killed a black bear
  3926 | D:4      | Reached skill level 5 in Summonings
  3926 | D:4      | Reached XP level 7. HP: 40/40 MP: 7/11
  4421 | D:5      | Entered Level 5 of the Dungeon
  4520 | D:5      | Reached skill level 6 in Stealth
  4688 | D:5      | Reached XP level 8. HP: 45/45 MP: 9/13
  4884 | D:5      | Found a snail-covered altar of Cheibriados.
  4903 | D:5      | Reached skill level 7 in Stealth
  5238 | D:6      | Noticed a shadow
  5241 | D:6      | Killed a shadow
  5259 | D:6      | Reached skill level 5 in Short Blades
  5259 | D:6      | Reached skill level 8 in Stealth
  5301 | D:6      | Reached skill level 5 in Dodging
  5326 | D:6      | Reached XP level 9. HP: 47/51 MP: 15/15
  5748 | D:6      | Reached skill level 9 in Stealth
  5912 | D:6      | Noticed a gargoyle
  5924 | D:6      | Killed a gargoyle
  6378 | D:7      | Found Qisag's Armour Shop.
  6423 | D:7      | Found a staircase to the Ecumenical Temple.
  6429 | Temple   | Entered the Ecumenical Temple
  6511 | Temple   | Became a worshipper of Dithmenos the Shadowed
  6574 | D:7      | Reached skill level 10 in Stealth
  7297 | D:7      | Reached skill level 5 in Spellcasting
  7447 | D:7      | Found an opulent altar of Gozag.
  7505 | D:7      | Reached XP level 10. HP: 58/58 MP: 17/17
  7650 | D:8      | Noticed Pikel
  7832 | D:7      | Killed Pikel
  7833 | D:7      | Reached skill level 11 in Stealth
  8007 | D:8      | Learned a level 4 spell: Summon Lightning Spire
  8012 | D:8      | Noticed an elephant
  8013 | D:8      | Found a staircase to the Lair.
  8060 | D:8      | Noticed Grum
  8061 | D:8      | Reached * piety under Dithmenos
  8296 | D:8      | Killed Grum
  8523 | D:8      | Noticed a boulder beetle
  8549 | D:8      | Killed a boulder beetle
  8550 | D:8      | Reached skill level 5 in Fighting
  8550 | D:8      | Reached skill level 12 in Stealth
  8553 | D:8      | Noticed a centaur warrior
  8653 | D:8      | Killed a centaur warrior
  8654 | D:8      | Reached XP level 11. HP: 63/63 MP: 19/21
  9115 | D:8      | Reached ** piety under Dithmenos
  9202 | D:8      | Found a sparkling altar of Nemelex Xobeh.
  9499 | D:8      | Found an ancient bone altar of Kikubaaqudgha.
  9786 | D:8      | Killed an elephant
  9856 | D:9      | Found a bloodstained altar of Trog.
 10009 | D:8      | Reached skill level 1 in Air Magic
 10160 | D:9      | Found a glowing golden altar of the Shining One.
 10576 | D:9      | Identified the +4 scimitar "Veshret" {flame, Str+3 Dex+2}
 10631 | D:9      | Noticed a manticore
 10635 | D:9      | Killed a manticore
 11005 | D:10     | Entered Level 10 of the Dungeon
 11137 | D:10     | Reached skill level 13 in Stealth
 11236 | D:10     | Noticed a two-headed ogre
 11249 | D:10     | Killed a two-headed ogre
 11889 | D:10     | Found a glowing silver altar of Zin.
 11980 | D:10     | Reached *** piety under Dithmenos
 11990 | D:10     | Reached XP level 12. HP: 66/67 MP: 16/23
 12692 | D:3      | Bought a scroll labelled TIPNEE DAODY for 25 gold pieces
 12874 | D:11     | Noticed a two-headed ogre
 12882 | D:11     | Killed a two-headed ogre
 13427 | D:7      | Bought a +2 robe of resistance for 565 gold pieces
 13635 | D:11     | Noticed a boulder beetle
 13654 | D:11     | Killed a boulder beetle
 13657 | D:11     | Noticed a two-headed ogre
 13671 | D:11     | Killed a two-headed ogre
 13672 | D:11     | Reached skill level 1 in Evocations
 13848 | D:11     | Noticed a two-headed ogre
 13864 | D:11     | Killed a two-headed ogre
 14751 | D:12     | Noticed a rakshasa
 14754 | D:12     | Noticed a skeletal warrior
 14754 | D:12     | Found the +8 autumn katana {vorpal, manifold assault}
 14755 | D:12     | Killed a rakshasa
 14981 | D:11     | Slain by a komodo dragon

Illustrated notes

Levels and vault maps discovered:
D:1:      dpeg_arrival_windows_large_door, layout_basic, serial_curves,
          eino_curves_02, eino_curves_04
D:2:      layout_basic, basic_altar
D:3:      layout_basic, lemuel_tele_altar, serial_shops, shop, shop,
          nicolae_shop_waterfront, nicolae_square_shop,
          dreamdust_ecumenical_altar_sealed_demon, uniq_ijyb
D:4:      black_bear_nest_1, layout_gridville, lemuel_crystal_altar
D:5:      cheibrodos_two_vegetables, layout_rooms, chei_slow_surprise
D:6:      layout_loops_ring, minmay_misc_feat_four_crosses,
          kb_lookout_dungeons_type
D:7:      layout_rooms, marbit_many_paths, minmay_temple_entry_antechambers,
          serial_shops, nicolae_shop_statue_plus, hangedman_glass_garden,
          dreamdust_gnoll_farm
D:8:      minmay_chambers_of_sixes, layout_basic, nemelex_spade_bored_becter,
          mainiacjoe_overflow_surrounded_room, david_lair_generic, uniq_grum,
          uniq_pikel
D:9:      layout_small_grid, mainiacjoe_overflow_small_starburst,
          nicolae_tso_carved_into_rock
D:10:     layout_basic, general_overflow_altar, mrwooster_statue_mirror
D:11:     layout_layer_cave
D:12:     layout_loops_ring, orc_0_dummy, minmay_the_grid_square_5x5_3x3_mashed
          [minmay_the_grid_square_5x5_three, minmay_the_grid_square_5x5_detours,
          minmay_the_grid_square_5x5_three_walls,
          minmay_the_grid_square_5x5_fat_x,
          minmay_the_grid_square_5x5_megaprize_checkered,
          minmay_the_grid_square_5x5_checkered_sparse,
          minmay_the_grid_square_5x5_bite,
          minmay_the_grid_square_5x5_eight_small,
          minmay_the_grid_square_5x5_intrusive_squares], uniq_lodul,
          uniq_nergalle, uniq_josephine
Temple:   nicolae_temple_god_jail

Skill      XL: |  1  2  3  4  5  6  7  8  9 10 11 12 |
---------------+-------------------------------------+-----
Stealth        | 3 4 5 6 8 10 12 13 | 13.7
Fighting       | 1 2 3 4 5 6 |  6.2
Short Blades   | 1 2 3 5 6 7 9 |  9.9
Dodging        | 3 4 5 6 7 8 9 |  9.3
Spellcasting   | 3 4 5 6 7 8 |  8.8
Summonings     | 5 6 7 8 9 |  9.4
Air Magic      | 1 2 |  2.6
Evocations     | 1 |  1.2
Hexes          | |  0.7

Action                   |  1- 3 |  4- 6 |  7- 9 | 10-12 || total
-------------------------+-------+-------+-------+-------++-------
Melee: Dagger            |    76 |    11 |       |       ||    87
       Unarmed           |     3 |       |       |       ||     3
       Short sword       |       |    95 |   296 |   587 ||   978
       Punch             |       |     1 |     4 |     9 ||    14
 Cast: Summon Small Mamm |     3 |     1 |       |       ||     4
       Call Imp          |     1 |     5 |     4 |    12 ||    22
       Call Canine Famil |       |     9 |    10 |    37 ||    56
       Summon Guardian G |       |       |     3 |     1 ||     4
       Summon Lightning  |       |       |       |    21 ||    21
Evoke: Wand              |       |       |       |     5 ||     5
  Use: Scroll            |     1 |     4 |       |     8 ||    13
 Stab: Sleeping          |    16 |    11 |    25 |    25 ||    77
       Distracted        |       |       |     2 |    11 ||    13
Armor: Robe              |    18 |    33 |    59 |   111 ||   221
Dodge: Dodged            |    47 |    70 |   186 |   478 ||   781

Table legend: (Time is in decaauts)
 A = Elapsed time spent in this place.
 B = Non-inter-level travel time spent in this place.
 C = Inter-level travel time spent in this place.
 D = Time resting spent in this place.
 E = Time spent auto-exploring this place.
 F = Levels seen in this place.
 G = Mean time per level.
                   A        B        C        D        E       F      G
               +--------+--------+--------+--------+--------+-----+--------+
         Total |  14685 |  13658 |   1027 |   2331 |   8658 |  13 | 1129.6 |
       Dungeon |  14576 |  13574 |   1002 |   2331 |   8588 |  12 | 1214.7 |
        Temple |    108 |     83 |     25 |      0 |     70 |   1 |  108.0 |
               +--------+--------+--------+--------+--------+-----+--------+

Top non-repeatable levels by time:
    D:11: 1909 daAuts
     D:8: 1898 daAuts
     D:7: 1730 daAuts
    D:10: 1329 daAuts
     D:3: 1308 daAuts
     D:6: 1274 daAuts
     D:1: 1266 daAuts
     D:4: 1204 daAuts
     D:9: 1199 daAuts
     D:5: 715 daAuts
     D:2: 707 daAuts
  Temple: 108 daAuts
    D:12: 31 daAuts
